 Dungeon Crawl Stone Soup version 0.29.1-1-gd02db6906a (webtiles) character file.

Game seed: 16382202815750850245

5498 experimilk the Arsonist (level 10, 0/78 HPs)
             Began as a Pale Draconian Fire Elementalist on Oct 22, 2022.
             Was a Priest of Ru.
             Slain by a yak (9 damage)
             ... while paralysed by a hornet
             ... on level 9 of the Dungeon on Oct 23, 2022.
             The game lasted 00:35:11 (16365 turns).

experimilk the Arsonist (DrFE)                     Turns: 16365, Time: 00:35:11

Health: 0/78       AC: 13    Str: 11    XL:     10   Next: 42%
Magic:  1/19       EV:  2    Int: 19    God:    Ru [***...]
Gold:   454        SH:  0    Dex: 12    Spells: 5/21 levels left

rFire   . . .      SeeInvis .   w - +0 short sword (drain)
rCold   . . .      Faith    .   (no shield)
rNeg    + . .      Spirit   .   (body armour unavailable)
rPois   .          Reflect  +   (helmet restricted)
rElec   .          Harm     .   (no cloak)
rCorr   .          Rampage  .   j - +0 pair of gloves
Will    .....                   o - +0 pair of boots
Stlth   ++........              c - amulet of reflection
HPRegen 0.23/turn               s - ring of positive energy
MPRegen 0.16/turn               B - +4 ring of protection

@: paralysed, lethally poisoned (0 -> -11), exhausted, slowed, studying Long
Blades
A: breathe steam, AC +7, unfitting armour, cold-blooded, inability to use
devices, hated by all, steam resistance
a: Breathe Steam, Renounce Religion, Draw Out Power


You were on level 9 of the Dungeon.
You worshipped Ru.
Ru was most pleased with you.
You visited 1 branch of the dungeon, and saw 9 of its levels.
You also visited: Ossuary.

You collected 454 gold pieces.

Inventory:

Hand Weapons
 w - a +0 short sword of draining (weapon)
Armour
 j - a +0 pair of gloves (worn)
 o - a +0 pair of boots (worn)
Magical Staves
 h - a staff of cold
Jewellery
 c - an amulet of reflection (around neck)
 s - a ring of positive energy (left hand)
 u - a ring of ice
 B - a +4 ring of protection (right hand)
Scrolls
 a - 2 scrolls of teleportation
 e - 3 scrolls of immolation
 i - 2 scrolls of fog
 m - 4 scrolls of silence
 p - 3 scrolls of blinking
 r - 3 scrolls of enchant weapon
 v - a scroll of poison
 x - a scroll of enchant armour {unknown}
 y - 2 scrolls of magic mapping
Potions
 b - 2 potions of flight {unknown}
 d - 5 potions of cancellation
 f - 7 potions of curing
 g - a potion of ambrosia {unknown}
 k - 5 potions of mutation
 l - 3 potions of might {unknown}
 n - 2 potions of lignification {unknown}
 q - 3 potions of haste {unknown}
 t - 4 potions of heal wounds
 z - a potion of berserk rage {unknown}
 A - 3 potions of degeneration {unknown}
 C - 2 potions of attraction {unknown}


   Skills:
 - Level 4.0 Fighting
 - Level 4.0 Dodging
 - Level 2.0 Stealth
 - Level 6.0 Spellcasting
 + Level 2.1 Conjurations
 + Level 4.0 Hexes
 + Level 13.5 Fire Magic


You had 5 spell levels left.
You knew the following spells:

 Your Spells              Type           Power      Damage    Failure   Level
c - Conjure Flame         Conj/Fire      35%        6-21      1%          3
q - Inner Flame           Hex/Fire       39%        N/A       1%          3
v - Foxfire               Conj/Fire      100%       2x1d9     1%          1
w - Confusing Touch       Hex            21%        N/A       6%          3
x - Flame Wave            Conj/Fire      35%        2d10      4%          4
z - Scorch                Fire           100%       2d10      1%          2

Your spell library contained the following spells:

 Spells                   Type           Power      Damage    Failure   Level
 Dazzling Flash           Conj/Hex       34%        N/A       10%         3
 Stone Arrow              Conj/Erth      18%        3d8       22%         3
 Gell's Gravitas          Tloc           5%         N/A       32%         3
 Lesser Beckoning         Tloc           5%         N/A       32%         3
 Teleport Other           Tloc           5%         N/A       32%         3
 Silence                  Hex/Air        6%         N/A       80%         5
 Yara's Violent Unravell  Hex/Tmut       6%         3d5       80%         5
 Freezing Cloud           Conj/Ice/Air   4%         6-21      93%         5
 Agony                    Necr           5%         N/A       97%         5
 Enfeeble                 Hex            10%        N/A       100%        7
 Lehudib's Crystal Spear  Conj/Erth      4%         10d3      100%        8
 Polar Vortex             Ice            2%         N/A       100%        9
 Animate Armour           Summ/Erth      Unusable   N/A       N/A         4
 Simulacrum               Ice/Necr       Unusable   N/A       N/A         6

Dungeon Overview and Level Annotations

Branches:
Dungeon (9/15)             Temple (0/1) D:6         Ossuary (visited)
   Lair: D:8-11         Orc: D:9-12

Altars:
Ashenzari
Ru
Trog
Vehumet

Shops:
D:5 (

Annotations:
D:3 Robin
D:6 3 runed translucent doors, shayl's ghost, novice HOFi
D:7 3 runed translucent doors, Icepheonix32's ghost, novice DrFE


Innate Abilities, Weirdness & Mutations

You can breathe blasts of scalding, opaque steam.
Your pale cyan-grey scales are hard. (AC +7)
You cannot fit into any form of body armour.
You are cold-blooded and may be slowed by cold attacks.
You cannot study or use magical devices.
You are hated by all.
You are immune to the effects of steam.


Message History

The fire begins to smoulder!
The hornet stings you!
You feel yourself slow down. The yak gores you but does no damage.
Casting: Conjure Flame (safe; 1% risk of failure)
Confirm with . or Enter, or press ? or * to list all spells.
Casting: Flame Wave (dangerous; 4% risk of failure)
Press: ? - help, Dir - look around, f - activate A wave of flame ripples out!
The flame wave engulfs the yak.
The yak is heavily wounded.
The flame wave engulfs the yak!
The yak is almost dead.
The flame wave engulfs the hornet!
The hornet is almost dead. (Press . to intensify the flame waves.)
The hornet completely misses you. The hornet stings you!
You are poisoned.
You feel as though you will be slow longer.
The yak gores you. The yak closely misses you. The hornet stings you.
You feel as though you will be slow longer.
You smother the flame.
Without enough magic to sustain them, the waves of flame dissipate.
You feel very sick. The hornet closely misses you. The yak barely misses you.
You block the yak's attack. x2
The hornet stings you but does no damage.
The yak gores you! x2; The yak gores you but does no damage.
You feel very sick. The hornet stings you.
You are more poisoned.
You suddenly lose the ability to move!
The yak gores you.
* * * LOW HITPOINT WARNING * * *
The yak gores you but does no damage. The yak gores you.
* * * LOW HITPOINT WARNING * * *
The hornet stings you but does no damage.
* * * LOW HITPOINT WARNING * * *
You feel very sick. The hornet stings you.
* * * LOW HITPOINT WARNING * * *
You feel as though you will be slow longer.
The yak gores you but does no damage. The yak gores you!
You die...

....§......###
#...........#.##
#..............#
#.............#
.#...........#
.............#
.........†...#
#....YYy....#
###..Y@....##
##.......#
###...### #.###
#.## ##.# #.#
#.# #.##


You could see 3 yaks and a hornet.

Vanquished Creatures
  A two-headed ogre (D:8)
  Sigmund (D:3)
  A wyvern (D:9)
  7 yaks (D:9)
  A wraith (D:6)
  2 vampire mosquitoes
  Menkaure (D:7)
  2 water moccasins (D:6)
  A sky beast (D:8)
  An orc warrior (D:8)
  An ice beast (D:7)
  A black bear (D:7)
  4 centaurs
  A phantom (D:5)
  4 bullfrogs
  2 gnoll sergeants
  A necrophage (D:7)
  3 scorpions
  4 water moccasin zombies (Ossuary)
  3 wights (D:7)
  3 howler monkeys
  6 hounds
  2 orc priests (D:3)
  Jessica (D:2)
  6 iguanas
  An orc wizard (D:3)
  2 mummies (Ossuary)
  16 gnolls
  10 adders
  2 shadow imps (D:6)
  4 white imps
  2 ufetubi (D:6)
  2 adder zombies (Ossuary)
  3 dart slugs
  3 worms
  17 orcs
  An endoplasm (D:2)
  A giant cockroach (D:3)
  8 goblins
  10 hobgoblins
  3 jackals (D:1)
  7 kobolds
  4 quokkas
  6 ball pythons
  8 bats
  2 frilled lizards
  5 gnoll zombies (Ossuary)
  6 hobgoblin zombies (Ossuary)
  3 kobold zombies (Ossuary)
  4 orc zombies (Ossuary)
  6 rats
196 creatures vanquished.

Vanquished Creatures (others)
  A yak (D:9)
  258 foxfires
259 creatures vanquished.

Grand Total: 455 creatures vanquished

Notes
Turn   | Place    | Note
-------+----------+-------------------------------------------
     0 | D:1      | experimilk the Draconian Fire Elementalist began the quest
                  | for the Orb.
     0 | D:1      | Reached XP level 1. HP: 14/14 MP: 3/3
  1068 | D:1      | Reached XP level 2. HP: 20/20 MP: 0/5
  1999 | D:1      | Reached skill level 4 in Fire Magic
  2824 | D:1      | Learned a level 2 spell: Scorch
  2860 | D:2      | Reached XP level 3. HP: 24/26 MP: 1/6
  4144 | D:2      | Noticed Jessica
  4150 | D:2      | Killed Jessica
  4151 | D:2      | Reached skill level 5 in Fire Magic
  4151 | D:2      | Reached XP level 4. HP: 33/33 MP: 1/7
  4774 | D:2      | Found a faded altar of an unknown god.
  5548 | D:3      | Found a faded altar of an unknown god.
  5551 | D:3      | Found a radiant altar of Vehumet.
  5557 | D:3      | Noticed Robin
  5592 | D:3      | Reached XP level 5. HP: 38/38 MP: 5/8
  5852 | D:3      | Noticed Sigmund
  6171 | D:3      | Found a sacrificial altar of Ru.
  6249 | D:3      | Reached skill level 6 in Fire Magic
  6502 | D:3      | Reached skill level 1 in Fighting
  6987 | D:3      | Killed Sigmund
  6988 | D:3      | Reached XP level 6. HP: 41/48 MP: 0/11
  8098 | D:4      | Your scales start taking on a pale cyan-grey colour.
  8098 | D:4      | Reached XP level 7. HP: 57/57 MP: 4/13
  8098 | D:4      | Gained mutation: You are immune to the effects of steam.
                  | [Pale Draconian growth]
  8403 | D:4      | Learned a level 4 spell: Flame Wave
  8407 | D:4      | Learned a level 3 spell: Inner Flame
  8411 | D:4      | Learned a level 3 spell: Conjure Flame
  8463 | D:3      | Became a worshipper of Ru the Awakened
  8823 | D:5      | Entered Level 5 of the Dungeon
  9362 | D:5      | Found a bloodstained altar of Trog.
  9732 | D:5      | Found a broken altar of Ashenzari.
  9768 | D:5      | Found Pebb's Weapon Emporium.
  9849 | D:5      | Reached skill level 1 in Hexes
  9849 | D:5      | Reached skill level 1 in Evocations
 10085 | D:6      | Reached skill level 7 in Fire Magic
 10085 | D:6      | Reached XP level 8. HP: 66/66 MP: 4/14
 10197 | D:6      | Noticed shayl's ghost (novice HOFi)
 10205 | D:6      | Found a runed translucent gate.
 10205 | D:6      | Found a runed translucent gate.
 10205 | D:6      | Found a runed translucent gate.
 10215 | D:6      | Noticed a two-headed ogre
 10343 | D:6      | Gained mutation: You are hated by all. [Ru sacrifice]
 10343 | D:6      | Reached * piety under Ru
 10528 | D:6      | Found a staircase to the Ecumenical Temple.
 11181 | D:6      | Reached skill level 8 in Fire Magic
 11780 | D:6      | Reached skill level 9 in Fire Magic
 12444 | D:6      | Reached skill level 10 in Fire Magic
 12911 | D:6      | Reached XP level 9. HP: 71/71 MP: 12/15
 13045 | D:7      | Found a sand-covered staircase.
 13048 | D:7      | Found a flagged portal.
 13054 | Ossuary  | Entered an ossuary
 13281 | Ossuary  | Reached skill level 11 in Fire Magic
 13908 | D:7      | Reached skill level 12 in Fire Magic
 14019 | D:7      | Found a runed translucent gate.
 14019 | D:7      | Found a runed translucent gate.
 14019 | D:7      | Found a runed translucent gate.
 14020 | D:7      | Noticed a spectral unseen horror
 14027 | D:7      | Noticed Icepheonix32's ghost (novice DrFE)
 14073 | D:7      | Noticed Menkaure
 14079 | D:7      | Killed Menkaure
 14693 | D:8      | Gained mutation: You cannot study or use magical devices.
                  | [Ru sacrifice]
 14693 | D:8      | Reached ** piety under Ru
 14693 | D:8      | Reached *** piety under Ru
 15218 | D:8      | Noticed a two-headed ogre
 15235 | D:8      | Learned a level 3 spell: Confusing Touch
 15254 | D:8      | Killed a two-headed ogre
 15255 | D:8      | Reached skill level 13 in Fire Magic
 15294 | D:8      | Reached XP level 10. HP: 78/78 MP: 3/16
 15495 | D:8      | Noticed a tengu warrior
 15497 | D:8      | Noticed a boulder beetle
 16033 | D:9      | Reached skill level 5 in Spellcasting
 16364 | D:9      | Paralysed by a hornet for 3 turns
 16365 | D:9      | Slain by a yak

Illustrated notes

Levels and vault maps discovered:
D:1:      matt_arrival_spirals, layout_rooms
D:2:      layout_basic, hellmonk_ecumenical_altar_blasted,
          minmay_split_cup_large, uniq_jessica
D:3:      layout_rooms, nicolae_ru_sacrificial_ziggurat,
          nicolae_overflow_ecumenical_swirl, nicolae_elevator_lobby_asterisk,
          uniq_robin, uniq_sigmund
D:4:      layout_rooms, palyth_stone_intersect
D:5:      nicolae_cairo_tiling, layout_rooms, trog_three_pillars_becter,
          mainiacjoe_overflow_alcove_2, serial_shops, nicolae_lakefront_shop
D:6:      minmay_bubble_buster, layout_layer_cave,
          minmay_temple_entry_glassed_door, gammafunk_ghost_split
D:7:      layout_cave_pools, enter_bailey_5, nicolae_ossuary_entry_monument,
          gammafunk_ghost_necromancy, minmay_manual_mares, uniq_menkaure
D:8:      minmay_slanted_spiral_squares, layout_basic
D:9:      layout_cave_pods, lemuel_round_altar, minivault_23, minivault_16

Skill      XL: |  1  2  3  4  5  6  7  8  9 10 |
---------------+-------------------------------+-----
Fire Magic     | 4 5 6 7 10 13 | 13.5
Fighting       | 2 3 4 |  4.0
Dodging        | 2 4 |  4.0
Spellcasting   | 3 4 6 |  6.0
Stealth        | 2 |  2.0
Hexes          | 1 2 4 |  4.0
Evocations     | 1 0 |  0.0
Conjurations   | 2 |  2.1

Action                   |  1- 3 |  4- 6 |  7- 9 | 10-12 || total
-------------------------+-------+-------+-------+-------++-------
Melee: Dagger            |    22 |       |       |       ||    22
       Tailslap          |     4 |     4 |    30 |     3 ||    41
       Trident           |    15 |    46 |    11 |       ||    72
       Short sword       |       |       |    76 |    14 ||    90
       Punch             |       |       |     4 |     1 ||     5
 Cast: Foxfire           |    55 |    56 |    46 |     2 ||   159
       Scorch            |     4 |    32 |   102 |    25 ||   163
       Conjure Flame     |       |       |     6 |     3 ||     9
       Flame Wave        |       |       |     4 |     5 ||     9
       Confusing Touch   |       |       |       |     1 ||     1
Invok: Sacrifice Love    |       |       |     1 |       ||     1
       Sacrifice Artific |       |       |     1 |       ||     1
       Draw Out Power    |       |       |       |     2 ||     2
 Abil: Breathe Steam     |       |       |    18 |     1 ||    19
Evoke: Wand              |       |       |     1 |       ||     1
  Use: Scroll            |     6 |     3 |     6 |     1 ||    16
       Potion            |       |     2 |       |       ||     2
 Stab: Sleeping          |     1 |       |     1 |       ||     2
Armor: Skin              |    21 |    27 |    49 |    15 ||   112
Dodge: Dodged            |    34 |    36 |    73 |    24 ||   167
Block: Other             |     7 |     8 |    22 |    10 ||    47
       Reflection        |       |     1 |     1 |       ||     2
